 Dungeon Crawl Stone Soup version 0.24.1-14-gf8d2b509d9 (webtiles) character file.

Game seed: 10642262420408471185, levelgen mode: deterministic

5311 Hugehornet the Magician (level 10, -5/56 HPs)
             Began as an Octopode Wizard on May 22, 2020.
             Was a Follower of Sif Muna.
             Slain by a wyvern zombie (14 damage)
             ... on level 8 of the Dungeon.
             The game lasted 00:49:24 (12988 turns).

Hugehornet the Magician (Octopode Wizard)          Turns: 12988, Time: 00:49:25

Health: -5/56      AC:  1    Str:  7    XL:     10   Next: 64%
Magic:  3/20       EV: 13    Int: 23    God:    Sif Muna [*.....]
Gold:   532        SH:  0    Dex: 11    Spells: 2/23 levels left

rFire    . . .     SeeInvis .   i - staff of poison
rCold    . . .     Gourm    .   (no shield)
rNeg     . . .     Faith    .   a - +0 hat
rPois    +         Spirit   .   d - amulet of magic regeneration
rElec    .         Reflect  .   (no ring)
rCorr    .         Harm     .   (no ring)
MR       .....                  (no ring)
Stlth    +++.......             (no ring)
HPRegen  0.18/turn              (no ring)
MPRegen  0.42/turn              (no ring)
                                (no ring)
                                (no ring)

@: very slightly contaminated
A: almost no armour, stealthy swim, amphibious, 8 rings, constrict 8, camouflage
1, gelatinous body 1
a: Channel Magic, Renounce Religion


You were on level 8 of the Dungeon.
You worshipped Sif Muna.
Sif Muna was aware of your devotion.
You were very hungry.

You visited 1 branch of the dungeon, and saw 8 of its levels.
You also visited: Ossuary.

You collected 532 gold pieces.

Inventory:

Armour
 a - a +0 hat (worn)
Magical Staves
 i - an uncursed staff of poison (weapon)
Jewellery
 b - an uncursed amulet of regeneration
 d - an amulet of magic regeneration (around mantle)
Wands
 l - a wand of acid (12)
 m - a wand of iceblast (14)
 n - a wand of flame (20)
 v - a wand of disintegration (12)
 x - a wand of paralysis (17)
Scrolls
 e - 3 scrolls of enchant armour
 f - 2 scrolls of blinking
 g - 6 scrolls of remove curse
 j - a scroll of vulnerability {unknown}
 k - 3 scrolls of teleportation
 o - a scroll of magic mapping {unknown}
 q - a scroll of immolation {unknown}
 r - a scroll of fog {unknown}
 s - a scroll of amnesia
 t - a scroll of noise {unknown}
Potions
 h - a potion of might
 p - 3 potions of lignification
 u - a potion of brilliance
 w - 2 potions of mutation
 z - a potion of curing
Comestibles
 c - 13 rations


   Skills:
 - Level 3.0 Staves
 - Level 2.0 Dodging
 - Level 2.6 Stealth
 + Level 7.2 Spellcasting
 - Level 5.0 Conjurations
 - Level 5.1 Hexes
 - Level 6.0 Summonings
 - Level 5.1 Necromancy
 - Level 2.3 Translocations
 - Level 4.1 Fire Magic
 - Level 4.0 Air Magic
 - Level 3.1 Poison Magic
 * Level 3.2 Invocations


You had 2 spell levels left.
You knew the following spells:

 Your Spells              Type           Power        Failure   Level  Hunger
a - Magic Dart            Conj           ####         1%          1    None
b - Blink                 Tloc           N/A          4%          2    None
c - Call Imp              Summ           #####...     1%          2    None
d - Slow                  Hex            ####....     1%          2    None
e - Mephitic Cloud        Conj/Pois/Air  #####...     4%          3    None
f - Conjure Flame         Conj/Fire      ####....     3%          3    None
g - Animate Skeleton      Necr           N/A          1%          1    None
h - Vampiric Draining     Necr           ####......   2%          3    None
i - Animate Dead          Necr           N/A          10%         4    ###....

Your spell library contained the following spells:

 Spells                   Type           Power        Failure   Level  Hunger
 Pain                     Necr           ####         1%          1    None
 Regeneration             Chrm/Necr      ###.......   8%          3    None


Dungeon Overview and Level Annotations

Branches:
Dungeon (8/15)             Temple (0/1) D:7         Ossuary (visited)
   Lair: D:8-11

Altars:
Ashenzari
Dithmenos
Fedhas
Gozag
Nemelex Xobeh
Qazlal
Sif Muna
Trog
Vehumet
Yredelemnul

Annotations:
D:5 3 runed translucent doors, harkrass's ghost, novice MiFi


Innate Abilities, Weirdness & Mutations

You cannot wear most types of armour.
You are very stealthy in the water. (Stealth+)
You are amphibious.
You can wear up to eight rings at the same time.
You can use your tentacles to constrict eight enemies at once.
Your skin changes colour to match your surroundings (Stealth+).
Your rubbery body absorbs attacks. (AC +1, EV +1)


Message History

The wyvern zombie bites you! x2
You barely miss the wyvern zombie.
The wyvern zombie is almost destroyed.
The wyvern zombie barely misses you.
You hit the wyvern zombie but do no damage.
You squeeze the wyvern zombie.
The wyvern zombie is almost destroyed.
The worker ant is engulfed in blazing flames.
You kill the worker ant!
Sif Muna accepts your kill. The wyvern zombie bites you!
* * * LOW HITPOINT WARNING * * *
Casting: Conjure Flame (safe; 3% risk of failure)
Confirm with . or Enter, or press ? or * to list all spells.
Aiming: Magic Dart (safe; 1% risk of failure)
Press: ? - help, Shift-Dir - straight line The magic dart hits the wyvern zombie.
The wyvern zombie is almost destroyed.
The wyvern zombie bites you!
You die...

.. ..# #.# .##.# #.#
...# #.# # #..# #.#
#.####.># #.#
......°.## #.#
.##..○...####.#
....§§Z@......########
.#.....#.#####.......#
.......#.# #.#######
###...##.# ##.## #...
#.# ##...######## #...
..###.#.#........ #..
####.##.##.####.# #..
#.###.......#
##.##.##.##.#


You could see a wyvern zombie.

Vanquished Creatures
  A two-headed ogre (D:3)
  Pikel (D:6)
  Sigmund (D:2)
  A wraith (D:7)
  2 wyverns
  Duvessa (D:6)
  A slave (D:6)
  2 orc warriors
  2 ice beasts
  5 ogres
  A black bear (D:7)
  4 centaurs
  3 big kobolds (D:3)
  4 elf zombies (Ossuary)
  3 bullfrogs
  2 scorpions
  Dowan (D:6)
  6 killer bees (D:7)
  A howler monkey (D:4)
  A crimson imp (D:6)
  2 bullfrog zombies
  A human zombie (Ossuary)
  2 hounds (D:6)
  2 jellies
  A centaur zombie (Ossuary)
  3 orc priests
  Crazy Yiuf (D:3)
  A bullfrog skeleton (D:6)
  An iguana (D:4)
  5 orc wizards
  7 worker ants
  2 big kobold zombies (Ossuary)
  A hound skeleton (D:6)
  2 mummies (Ossuary)
  6 adders
  8 gnolls
  5 shadow imps
  An adder zombie (Ossuary)
  2 adder skeletons (D:4)
  4 worms
  A dart slug (D:5)
  7 leopard geckos
  14 orcs
  5 bats
  9 giant cockroaches
  5 goblins
  11 hobgoblins
  6 jackals
  4 quokkas
  2 ball pythons (D:2)
  A ball python skeleton (D:4)
  3 frilled lizards
  A goblin zombie (Ossuary)
  8 hobgoblin zombies (Ossuary)
  A jackal zombie (Ossuary)
  37 kobolds
  14 kobold zombies (Ossuary)
  3 orc zombies (Ossuary)
  10 rats
  A rat zombie (D:5)
243 creatures vanquished.

Vanquished Creatures (collateral kills)
  2 sky beasts (D:5)
  The ghost of Sassenached the Chopper, an amateur HOWn (D:3)
  A big kobold (D:3)
  A human zombie (Ossuary)
  An adder (D:8)
  An orc (D:8)
  A kobold (D:3)
8 creatures vanquished.

Vanquished Creatures (others)
  A slave (D:6)
  An ogre (D:6)
  A hound (D:6)
  A howler monkey zombie (D:6)
4 creatures vanquished.

Grand Total: 255 creatures vanquished

Notes
Turn   | Place    | Note
-------+----------+-------------------------------------------
     0 | D:1      | Hugehornet the Octopode Wizard began the quest for the Orb.
     0 | D:1      | Reached XP level 1. HP: 11/11 MP: 4/4
   279 | D:1      | Reached XP level 2. HP: 17/17 MP: 1/6
   581 | D:1      | Learned a level 2 spell: Blink
   584 | D:1      | Learned a level 2 spell: Call Imp
   587 | D:1      | Learned a level 2 spell: Slow
   975 | D:2      | Reached XP level 3. HP: 18/21 MP: 0/7
  1215 | D:2      | Noticed Sigmund
  1877 | D:2      | Reached XP level 4. HP: 27/27 MP: 1/9
  1949 | D:2      | Learned a level 3 spell: Mephitic Cloud
  2123 | D:2      | Reached skill level 1 in Poison Magic
  2416 | D:2      | Killed Sigmund
  2416 | D:2      | Reached XP level 5. HP: 31/31 MP: 7/10
  2416 | D:2      | Reached XP level 6. HP: 36/36 MP: 7/11
  2603 | D:3      | Found a runed translucent door.
  2604 | D:3      | Noticed Crazy Yiuf
  2617 | D:3      | Killed Crazy Yiuf
  2923 | D:3      | Found a radiant altar of Vehumet.
  3113 | D:3      | Found a sparkling altar of Nemelex Xobeh.
  3113 | D:3      | Found a bloodstained altar of Trog.
  3989 | D:3      | Reached skill level 1 in Hexes
  4461 | D:3      | Found a runed translucent door.
  4462 | D:3      | Noticed Sassenached's ghost (amateur HOWn)
  4814 | D:3      | Reached skill level 4 in Spellcasting
  4819 | D:3      | Learned a level 3 spell: Conjure Flame
  4850 | D:3      | Noticed a two-headed ogre
  4977 | D:3      | Reached XP level 7. HP: 41/41 MP: 7/13
  5027 | D:3      | Killed a two-headed ogre
  5027 | D:3      | Reached skill level 6 in Spellcasting
  5027 | D:3      | Reached XP level 8. HP: 46/46 MP: 7/17
  6347 | D:4      | Found an opulent altar of Gozag.
  6368 | D:5      | Entered Level 5 of the Dungeon
  6503 | D:5      | Noticed a wyvern
  6622 | D:5      | Found a sand-covered staircase.
  6631 | Ossuary  | Entered an ossuary
  7255 | Ossuary  | Reached XP level 9. HP: 44/51 MP: 12/18
  7888 | D:4      | Found a blossoming altar of Fedhas.
  8095 | D:4      | Found a stormy altar of Qazlal.
  8095 | D:4      | Found a shattered altar of Ashenzari.
  8095 | D:4      | Found a shadowy altar of Dithmenos.
  8764 | D:5      | Reached skill level 7 in Spellcasting
  8865 | D:5      | Found a shimmering blue altar of Sif Muna.
  8887 | D:5      | Became a worshipper of Sif Muna the Loreminder
  9172 | D:5      | Found a runed translucent gate.
  9172 | D:5      | Found a runed translucent gate.
  9172 | D:5      | Found a runed translucent gate.
  9173 | D:5      | Noticed harkrass's ghost (novice MiFi)
  9334 | D:3      | Killed Sassenached's ghost
  9334 | D:3      | Reached skill level 5 in Summonings
  9857 | D:6      | Found the +8 orange crystal plate armour {Archmagi, Int+3
                  | Clar}
  9863 | D:6      | Noticed Pikel
  9874 | D:6      | Killed Pikel
  9874 | D:6      | Reached skill level 1 in Staves
  9874 | D:6      | Reached XP level 10. HP: 40/56 MP: 8/20
 10206 | D:6      | Reached skill level 5 in Conjurations
 10367 | D:6      | Noticed Dowan
 10369 | D:6      | Noticed Duvessa
 10372 | D:6      | Killed Dowan
 10378 | D:6      | Killed Duvessa
 10378 | D:6      | Reached skill level 5 in Hexes
 10544 | D:6      | Reached * piety under Sif Muna
 10734 | D:7      | Learned a level 1 spell: Animate Skeleton
 10738 | D:7      | Learned a level 3 spell: Vampiric Draining
 10940 | D:7      | Reached skill level 1 in Necromancy
 11062 | D:7      | Found a staircase to the Ecumenical Temple.
 12007 | D:7      | Found a basalt altar of Yredelemnul.
 12069 | D:7      | Learned a level 4 spell: Animate Dead
 12773 | D:8      | Reached skill level 5 in Necromancy
 12988 | D:8      | Slain by a wyvern zombie

Levels and vault maps discovered:
D:1:      dpeg_arrival_boxorama, layout_basic, hex_medium, chequers_avenue,
          serial_bayou_pond_c
D:2:      layout_basic, uniq_sigmund
D:3:      minmay_goblin_kobold_castle, layout_loops_ring,
          overflow_temple_1_default, gammafunk_temple_overflow_wave,
          ebering_ghost_reflecting_pool, first_ration, uniq_crazy_yiuf_cottage
D:4:      layout_basic, gammafunk_temple_overflow_claw, grunt_gozag_statues,
          minmay_misc_feat_rows, hangedman_abyss_or_decor_stabs,
          fedhas_bush_and_centaur_altar
D:5:      layout_gridville, nicolae_overflow_crystal_walls,
          ebering_ghost_rock_garden, enter_ossuary_3
D:6:      layout_basic, grunt_decor_mini_mirrors, uniq_pikel, uniq_duvessa
D:7:      layout_loops_corners, yredelemnul_altar_generic,
          minmay_temple_entry_hall
D:8:      layout_loops_cross, slow_altar_1, the_bakery

Skill      XL: |  1  2  3  4  5  6  7  8  9 10 |
---------------+-------------------------------+-----
Conjurations   | 2 3 4 5 |  5.0
Poison Magic   | 1 3 |  3.1
Air Magic      | 3 4 |  4.0
Hexes          | 1 4 5 |  5.1
Spellcasting   | 4 6 7 |  7.2
Fire Magic     | 2 4 |  4.1
Summonings     | 2 5 6 |  6.0
Translocations | 2 |  2.3
Staves         | 1 3 |  3.0
Invocations    | 2 3 |  3.2
Necromancy     | 5 |  5.1
Dodging        | |  2.0
Stealth        | |  2.6

Action                   |  1- 3 |  4- 6 |  7- 9 | 10-12 || total
-------------------------+-------+-------+-------+-------++-------
Melee: Unarmed           |     4 |       |       |       ||     4
       Staff             |       |    41 |    90 |    69 ||   200
       Constrict         |       |    10 |    19 |     9 ||    38
       Tentacles         |       |     5 |    15 |     9 ||    29
 Cast: Magic Dart        |    70 |   113 |   221 |   105 ||   509
       Mephitic Cloud    |       |     9 |    31 |    27 ||    67
       Call Imp          |       |     2 |    14 |     8 ||    24
       Conjure Flame     |       |       |    44 |    34 ||    78
       Animate Skeleton  |       |       |       |     4 ||     4
       Blink             |       |       |       |     2 ||     2
       Animate Dead      |       |       |       |     2 ||     2
  Use: Scroll            |       |     4 |     8 |     4 ||    16
       Potion            |       |     1 |     3 |     4 ||     8
 Stab: Sleeping          |     1 |     1 |     2 |       ||     4
       Confused          |       |     1 |       |     4 ||     5
  Eat: Chunk             |     2 |     7 |    11 |     7 ||    27
       Ration            |       |     1 |     2 |       ||     3
Armor: Skin              |     1 |     5 |     9 |    36 ||    51
Dodge: Dodged            |     8 |    41 |   104 |    63 ||   216
